AoeStats
← JAGR I Makako

Arabia

508326863Analyzed
1v1 RM · 10d ago on Sep 21, 2026· 38m 33s· 2 players
Game mode
Random Map
Map size
Tiny (2 player)
Population
200
Speed
Normal
Resources
Standard
Victory
Conquest
Starting age
Dark Age
Ending age
Imperial Age
RankedLock teamsTeams togetherTeam positionsShared explorationLock speedFull tech treeHidden civsTurbo modeCheats
Victory
Defeat
🇲🇽 Georgians · Mexico
1263
+18
🇲🇽 Jurchens · Mexico
1301
-18
JAGR I Makako
9:01 Feudal Age
9:16 Loom
9:19 Man-at-Arms
13:23 Wheelbarrow
14:34 Double-Bit Axe
16:21 Stone Mining
16:14 Horse Collar
23:42 Castle Age
22:20 Fletching
23:12 Padded Archer Armor
23:08 Gold Mining
24:01 Bloodlines
24:42 Bodkin Arrow
27:24 Bow Saw
27:15 Heavy Plow
27:35 Leather Archer Armor
27:52 Ballistics
27:51 Town Watch
28:10 Husbandry
[GDL] saushino
7:03 Loom
9:48 Feudal Age
10:58 Town Watch
11:43 Double-Bit Axe
20:46 Wheelbarrow
23:14 Castle Age
21:24 Horse Collar
23:37 Gold Mining
24:33 Bloodlines
24:43 Husbandry
26:25 Bow Saw
26:27 Heavy Plow
33:35 Ballistics
Connection lost

Rejoining the realm…

Still unreachable

The connection could not be restored.

Session expired

The server has moved on; the page needs a fresh start.